 Dungeon Crawl Stone Soup version 0.31-a0-1127-ge7b2bbabab (webtiles) character file.

Game seed: 18136827984523019901

202 GreatBamboolord the Magician (level 5, -2/29 HPs)
             Began as a Deep Elf Earth Elementalist on Dec 5, 2023.
             Slain by a scorpion (7 damage)
             ... on level 3 of the Dungeon.
             The game lasted 00:03:35 (2662 turns).

GreatBamboolord the Magician (DEEE)                 Turns: 2662, Time: 00:03:37

Health: -2/29      AC:  2    Str:  5    XL:     5   Next: 50%
Magic:  12/13      EV: 13    Int: 28    God:
Gold:   188        SH:  0    Dex: 15    Spells: 6/12 levels left

rFire   . . .        n - +0 dagger
rCold   . . .        (no shield)
rNeg    . . .        a - +0 robe
rPois   .            (no helmet)
rElec   .            (no cloak)
rCorr   .            (no gloves)
SInv    .            (no boots)
Will    +....        (no amulet)
Stlth   ++           c - +6 ring of intelligence
HPRegen 0.24/turn    l - ring of willpower
MPRegen 0.13/turn

%: no passive effects
@: no status effects
A: no striking features
a: no special abilities


You were on level 3 of the Dungeon.
You visited 1 branch of the dungeon, and saw 4 of its levels.

You collected 188 gold pieces.

Inventory:

Hand Weapons
 n - a +0 dagger (weapon)
Armour
 a - a +0 robe (worn)
Jewellery
 c - a +6 ring of intelligence (left hand)
 l - a ring of willpower (right hand)
 m - a ring of flight
Scrolls
 g - a scroll of amnesia
 h - a scroll of revelation {unknown}
 i - a scroll of butterflies {unknown}
 j - a scroll of enchant weapon {unknown}
 o - a scroll of fog {unknown}
 p - a scroll of immolation {unknown}
Potions
 b - a potion of magic
 e - 4 potions of brilliance
 f - 6 potions of curing
 k - 2 potions of haste {unknown}
 q - a potion of mutation {unknown}


   Skills:
 + Level 1.2 Fighting
 * Level 3.8 Dodging
 + Level 3.2 Stealth
 * Level 4.2 Spellcasting
 * Level 1.6 Conjurations
 + Level 2.1 Transmutations
 * Level 4.2 Earth Magic


You had 6 spell levels left.
You knew the following spells:

 Your Spells              Type           Power      Damage    Failure   Level
a - Sandblast             Erth           58%        2d13      1%          1
b - Passwall              Tmut/Erth      19%        N/A       3%          2
c - Stone Arrow           Conj/Erth      44%        3d9       7%          3

Your spell library contained the following spells:

 Spells                   Type           Power      Damage    Failure   Level
 Petrify                  Tmut/Erth      23%        N/A       21%         4
 Brom's Barrelling Bould  Conj/Erth      22%        2d4       22%         4


Dungeon Overview and Level Annotations

Branches:
Dungeon (4/15)
 Temple: D:4-7

Altars:
Cheibriados
Nemelex Xobeh


Message History

A scorpion comes into view.
The gnoll bouda barks out a call to the hunt!
The gnoll picks up the pace!
A gnoll comes into view. It is wielding a +0 spear.
Found 7 gold pieces.
A gnoll comes into view. It is wielding a +0 spear.
The scorpion completely misses you. The scorpion stings you.
A scorpion comes into view.
The scorpion attacks as it pursues you! The scorpion stings you.
You are poisoned.
The scorpion poisons you!
You feel very sick. The scorpion attacks as it pursues you!
The scorpion barely misses you.
You feel very sick. The scorpion barely misses you.
You feel sick. The scorpion attacks as it pursues you! The scorpion stings you.
A gnoll comes into view. It is wielding a +0 spear of venom.
You feel sick. The gnoll attacks as it pursues you! The gnoll misses you.
There is a stone staircase leading up here.
You feel sick. The scorpion stings you.
* * * LOW HITPOINT WARNING * * *
You are lethally poisoned!
The scorpion poisons you! The gnoll closely misses you.
You climb upwards.
* * * LOW HITPOINT WARNING * * *
You feel very sick.
There is a stone staircase leading down here.
You feel better. The scorpion stings you.
* * * LOW HITPOINT WARNING * * *
The gnoll hits you with a +0 whip.
* * * LOW HITPOINT WARNING * * *
Unknown command.
Aiming: Sandblast (safe; 1% risk of failure)
Press: ? - help, Q - select action, (/) - cycle Shift-Dir - straight line, f - scorpion
Aim: a scorpion (heavily wounded, 83% to hit)
The blast of sand hits the scorpion.
The scorpion is severely wounded.
The scorpion stings you!
You die...

#.#.#..#)# #####.##....##.#
#.#.#..#.#### #.##.##.##.#
##.#.........# #.##.##.##)#
.....#..#.##.# #.##.......#
........<.##.# #.#####.####
##......####.# #.# #.#
........# #.# #.# #.#
##...#..####.#######.# #.#
#...#.........g@s...#####.#
#...#.#####.######........#
#...........#######.#######
#...#.#####.........#
##...#.#####.#########
.............#
##..########## ....# ##<##


You could see a scorpion and a gnoll (swift).

Vanquished Creatures
  Jessica (D:2)
  An iguana (D:2)
  4 gnolls (D:3)
  4 adders
  2 worms
  3 dart slugs
  3 orcs (D:3)
  4 ball pythons (D:1)
  4 bats
  4 endoplasms
  2 giant cockroaches (D:1)
  4 goblins
  10 hobgoblins
  4 jackals (D:1)
  3 quokkas
  3 frilled lizards (D:1)
  A kobold (D:3)
  4 rats
61 creatures vanquished.

Notes
Turn   | Place    | Note
-------+----------+-------------------------------------------
     0 | D:1      | GreatBamboolord the Deep Elf Earth Elementalist began the
                  | quest for the Orb.
     0 | D:1      | Reached XP level 1. HP: 10/10 MP: 6/6
   193 | D:1      | Reached XP level 2. HP: 15/15 MP: 5/8
   543 | D:1      | Found a faded altar of an unknown god.
   595 | D:1      | Reached XP level 3. HP: 15/19 MP: 0/9
  1213 | D:2      | Learned a level 2 spell: Passwall
  1217 | D:2      | Learned a level 3 spell: Stone Arrow
  1312 | D:2      | Reached XP level 4. HP: 9/24 MP: 6/11
  1472 | D:2      | Noticed Jessica
  1476 | D:2      | Killed Jessica
  1477 | D:2      | Reached skill level 1 in Fighting
  1505 | D:2      | Reached skill level 1 in Conjurations
  2023 | D:3      | Found a sparkling altar of Nemelex Xobeh.
  2127 | D:3      | Found a snail-covered altar of Cheibriados.
  2132 | D:3      | Reached XP level 5. HP: 29/29 MP: 10/13
  2650 | D:4      | Noticed an ogre
  2662 | D:3      | Slain by a scorpion

Illustrated notes

Levels and vault maps discovered:
D:1:      dpeg_arrival_three_bigger_balls, layout_basic,
          shapermc_ecumenical_altar_mp_highgroup, minmay_hexomino_p4
D:2:      layout_loops_cross, uniq_jessica
D:3:      layout_loops_ring, slow_altar_1, nemelex_spade_bored_becter,
          dreamdust_mushroom_princess
D:4:      layout_cave_pools, nicolae_overflow_crystal_walls,
          minmay_temple_entry_fiery, portal_sewer_entry_d,
          kennysheep_generic_room_14, uniq_duvessa, uniq_blork_the_orc

Skill      XL: |  1  2  3  4 |
---------------+-------------+-----
Dodging        | 3 |  3.8
Fighting       | 1 |  1.2
Stealth        | 3 |  3.2
Spellcasting   | 4 |  4.2
Conjurations   | 1 |  1.6
Earth Magic    | 4 |  4.2
Transmutations | 2 |  2.1

Action                     |  1- 3 |  4- 6 || total
---------------------------+-------+-------++-------
  Melee: Unarmed           |    11 |       ||    11
   Cast: Sandblast         |    50 |    33 ||    83
    Use: Scroll            |     3 |     1 ||     4
         Potion            |       |     1 ||     1
 Armour: Robe              |    17 |    10 ||    27
  Dodge: Dodged            |    19 |    10 ||    29

Table legend: (Time is in decaauts)
 A = Elapsed time spent in this place.
 B = Non-inter-level travel time spent in this place.
 C = Inter-level travel time spent in this place.
 D = Time resting spent in this place.
 E = Time spent auto-exploring this place.
 F = Levels seen in this place.
 G = Mean time per level.
                   A        B        C        D        E       F      G
               +--------+--------+--------+--------+--------+-----+--------+
         Total |   2701 |   2648 |     53 |    137 |   2122 |   4 |  675.2 |
       Dungeon |   2701 |   2648 |     53 |    137 |   2122 |   4 |  675.2 |
               +--------+--------+--------+--------+--------+-----+--------+

Top non-repeatable levels by time:
     D:1: 1188 daAuts
     D:3: 765 daAuts
     D:2: 732 daAuts
     D:4: 14 daAuts
